 Dungeon Crawl Stone Soup version 0.31-a0-344-gd109795599 (webtiles) character file.

Game seed: 12672783081699279963

884 AIAndy the Ruffian (level 8, -2/48 HPs)
             Began as an Octopode Shapeshifter on July 22, 2023.
             Was a Plaything of Xom.
             Shot with an arrow by a centaur (6 damage)
             ... on level 6 of the Dungeon.
             The game lasted 00:10:16 (3902 turns).

AIAndy the Ruffian (Octopode Shapeshifter)          Turns: 3902, Time: 00:10:17

Health: -2/48      AC:  1    Str: 16    XL:     8   Next: 5%
Magic:  8/8        EV: 13    Int: 16    God:    Xom [..*...]
Gold:   145        SH:  0    Dex: 13    Spells: 7/7 levels left

rFire   . .          .
                       - Unarmed
rCold   . . .        (no shield)
rNeg    + . .        (helmet currently unavailable)
rPois   +            (no amulet)
rElec   .            P - ring of poison resistance
rCorr   .            N - ring of positive energy
SInv    .            o - ring of willpower
Will    +....        I - +6 ring of intelligence
Stlth   ++           (no ring)
HPRegen 0.28/turn    (no ring)
MPRegen 0.11/turn    (no ring)
                     (no ring)

%: no passive effects
@: beast-form, weakened
A: beast (slay +3), almost no armour, amphibious, 8 rings, camouflage 1,
gelatinous body 1, (nimble swimmer 1), tentacles
a: Begin Untransformation, Renounce Religion


You were on level 6 of the Dungeon.
You worshipped Xom.
You were a toy of Xom.
You were a hulking beast.
You visited 1 branch of the dungeon, and saw 6 of its levels.

You collected 145 gold pieces.


Innate Abilities, Weirdness & Mutations

You are a hulking beast.
Your limbs bulge with bestial killing power. (Slay +3)
You cannot wear most types of armour.
You are amphibious.
You can wear up to eight rings at the same time.
Your skin changes colour to match your surroundings (Stealth+).
Your rubbery body absorbs attacks. (AC +1, EV +1)
((You are camouflaged when in or above water. (Stealth+)))
You have tentacles for arms and can constrict up to eight enemies at once.


   Skills:
 - Level 1.0 Fighting
 - Level 2.0 Dodging
 + Level 7.7 Unarmed Combat
 - Level 5.3 Shapeshifting


You had 7 spell levels left.
You didn't know any spells.
Your spell library contained the following spells:

 Spells                   Type           Power      Damage    Failure   Level
 Cigotuvi's Dreadful Rot  Necr/Pois/Air  0%         N/A       36%         2
 Ensorcelled Hibernation  Hex/Ice        0%         N/A       36%         2
 Passwall                 Tmut/Erth      0%         N/A       36%         2
 Poisonous Vapours        Pois/Air       0%         N/A       36%         2
 Ignite Poison            Fire/Tmut/Pois 0%         N/A       58%         3
 Mephitic Cloud           Conj/Pois/Air  0%         N/A       58%         3
 Swiftness                Air            0%         N/A       58%         3
 Freezing Cloud           Conj/Ice/Air   0%         6-21      100%        5

Inventory:

Missiles
 c - 10 poisoned darts (quivered)
 q - 2 javelins
Armour
 r - a +0 hat
Jewellery
 o - a ring of willpower (on tentacle)
 I - a +6 ring of intelligence (on tentacle)
 N - a ring of positive energy (right tentacle)
 P - a ring of poison resistance (left tentacle)
Talismans
 b - a beast talisman
Scrolls
 d - a scroll of enchant weapon {unknown}
 f - 3 scrolls of immolation {unknown}
 h - a scroll of teleportation {unknown}
 i - 2 scrolls of silence {unknown}
 j - 3 scrolls of fog {unknown}
 k - a scroll of revelation {unknown}
 l - 3 scrolls of identify {unknown}
 m - a scroll of vulnerability {unknown}
Potions
 a - a potion of lignification {!q}
 e - 2 potions of mutation {unknown}
 g - a potion of heal wounds {unknown}
 n - 2 potions of curing {unknown}
 p - 3 potions of haste {unknown}

Dungeon Overview and Level Annotations

Branches:
Dungeon (6/15)             Temple (0/1) D:5

Altars:
Xom
The Shining One

Annotations:
D:2 Sigmund
D:4 3 runed translucent doors, grizmgrazm2's ghost, amateur TrSh
D:5 Dowan; Duvessa; Eustachio

... ## ## ## ... ▒▒. .
##.##.### #.....
#.##^......# ▒(....
#.#.......# #▒.(#..
.........# . ##...<..
#.......#...
▒▒......#####...........
...g.s(.h..###..<.#
.....c.)5...O...##.#
..#....S..........#
##..........#.#.....
#..........### .###
#...†.o.....#
..............##
............###
.............#


You could see an ogre, a centaur, a scorpion, a gnoll, an adder, an orc and an
ufetubus.


Message History

The gnoll bouda is severely wounded.
You constrict the gnoll bouda.
A centaur comes into view.
The gnoll closely misses you.
An orc comes into view. It is wielding a +0 whip.
The gnoll bouda misses you.
The centaur shouts!
You bludgeon the gnoll bouda!
You kill the gnoll bouda!
You hear a howl!
The gnoll looks more healthy.
The centaur wields a +0 shortbow.
The centaur shoots an arrow.
The arrow hits you! The gnoll completely misses you.
An ogre comes into view. It is wielding a +0 giant spiked club.
The ogre shouts!
The gnoll barely misses you.
A scorpion comes into view.
You closely miss the gnoll. Your grab misses the gnoll.
The gnoll is severely wounded.
The gnoll misses you.
You barely miss the gnoll. You grab the gnoll. You squeeze the gnoll.
You kill the gnoll!
A gnoll comes into view. It is wielding a +0 club.
The centaur shoots an arrow.
The arrow hits you!
* * * LOW HITPOINT WARNING * * *
The centaur shoots an arrow.
The arrow hits you!
* * * LOW HITPOINT WARNING * * *
The centaur shoots an arrow.
The arrow hits you.
You die...
Xom howls with laughter!

Skill      XL: |  1  2  3  4  5  6  7 |
---------------+----------------------+-----
Unarmed Combat | 4 5 7 |  7.7
Shapeshifting  | 4 5 |  5.3
Fighting       | |  1.0
Dodging        | |  2.0

Action                     |  1- 3 |  4- 6 |  7- 9 || total
---------------------------+-------+-------+-------++-------
  Melee: Unarmed           |    64 |    80 |    40 ||   184
         Constrict         |    16 |    26 |     9 ||    51
         Tentacles         |    12 |    18 |    14 ||    44
         Punch             |       |     2 |     1 ||     3
  Throw: Dart              |       |       |     4 ||     4
   Stab: Sleeping          |    14 |     7 |       ||    21
         Distracted        |     1 |       |       ||     1
         Confused          |       |       |     2 ||     2
 Armour: Skin              |     4 |     5 |       ||     9
  Dodge: Dodged            |    34 |    49 |    31 ||   114

Levels and vault maps discovered:
D:1:      psy_arrival_conway, layout_basic
D:2:      layout_loops_corners, dk_noncrumbling_2, minmay_misc_feat_iff,
          uniq_sigmund
D:3:      layout_rooms, serial_glass, glass_columns_a, glass_columns_c,
          glass_columns_a, ebering_ecumenical_altar_webs, palyth_stone_intersect
D:4:      layout_loops_corners, nicolae_tso_besieged_by_evil,
          ebering_ghost_rock_garden, corexii_item_surrounded_by_moat,
          minmay_misc_feat_ornament
D:5:      cheibrodos_two_vegetables, layout_rooms,
          minmay_temple_entry_from_below_a, uniq_ijyb, uniq_duvessa,
          uniq_eustachio
D:6:      layout_cave_pools, serial_gnoll_camp, gnoll_camp_mini_hut,
          gnoll_camp_huts_basic, gnoll_camp_medium_02, gnoll_camp_mini_doghouse

Notes
Turn   | Place    | Note
-------+----------+-------------------------------------------
     0 | D:1      | AIAndy the Octopode Shapeshifter began the quest for the
                  | Orb.
     0 | D:1      | Reached XP level 1. HP: 13/13 MP: 1/1
   138 | D:1      | Reached XP level 2. HP: 18/18 MP: 2/2
   382 | D:1      | Reached XP level 3. HP: 23/23 MP: 3/3
  1115 | D:2      | Reached skill level 4 in Unarmed Combat
  1115 | D:2      | Reached XP level 4. HP: 28/28 MP: 4/4
  1846 | D:2      | Noticed Sigmund
  2121 | D:3      | Found a faded altar of an unknown god.
  2131 | D:3      | Reached skill level 4 in Shapeshifting
  2146 | D:3      | Prayed at the altar of an unknown god.
  2146 | D:3      | Became a worshipper of Xom of Fickle Intent
  2204 | D:3      | Reached XP level 5. HP: 33/33 MP: 5/5
  2526 | D:4      | XOM: divination: magic mapping
  2627 | D:4      | Noticed a black bear
  2633 | D:4      | Killed a black bear
  2634 | D:4      | Reached skill level 5 in Unarmed Combat
  2634 | D:4      | Reached XP level 6. HP: 13/38 MP: 6/6
  2801 | D:4      | Found a runed translucent gate.
  2801 | D:4      | Found a runed translucent gate.
  2804 | D:4      | Found a runed translucent gate.
  2806 | D:4      | Noticed grizmgrazm2's ghost (amateur TrSh)
  2959 | D:4      | Found a glowing golden altar of the Shining One.
  3177 | D:4      | Reached skill level 5 in Shapeshifting
  3447 | D:5      | Entered Level 5 of the Dungeon
  3512 | D:4      | XOM: divination: detect items
  3514 | D:5      | Noticed Duvessa
  3514 | D:5      | Noticed Dowan
  3576 | D:4      | Reached XP level 7. HP: 37/43 MP: 7/7
  3625 | D:5      | Reached skill level 6 in Unarmed Combat
  3626 | D:5      | XOM: confuse monster(s)
  3700 | D:5      | Found a staircase to the Ecumenical Temple.
  3706 | D:5      | XOM: divination: detect creatures
  3713 | D:5      | Noticed Eustachio
  3722 | D:5      | XOM: divination: magic mapping
  3726 | D:5      | XOM: enchant monster (bad)
  3728 | D:5      | Paralysed by a gnoll sergeant for 2 turns
  3754 | D:6      | Reached skill level 7 in Unarmed Combat
  3895 | D:6      | Reached XP level 8. HP: 48/48 MP: 8/8
  3902 | D:6      | HP: 4/48 [centaur/arrow (13)]
  3902 | D:6      | Shot with an arrow by a centaur

Vanquished Creatures
  A black bear (D:4)
  An ogre (D:5)
  A phantom (D:6)
  2 scorpions
  A howler monkey (D:6)
  A crimson imp (D:4)
  A hound (D:5)
  A gnoll bouda (D:6)
  An orc priest (D:4)
  2 iguanas
  4 orc wizards
  7 adders
  4 gnolls
  An ufetubus (D:4)
  A worm (D:2)
  3 dart slugs
  6 orcs
  9 endoplasms
  5 giant cockroaches
  7 goblins
  5 hobgoblins
  2 jackals (D:2)
  5 kobolds
  6 quokkas
  6 ball pythons
  7 bats
  2 frilled lizards
  A goblin skeleton (D:4)
  A hobgoblin zombie (D:4)
  A kobold skeleton (D:4)
  A kobold zombie (D:4)
  An orc zombie (D:4)
  5 rats
102 creatures vanquished.

Table legend: (Time is in decaauts)
 A = Elapsed time spent in this place.
 B = Non-inter-level travel time spent in this place.
 C = Inter-level travel time spent in this place.
 D = Time resting spent in this place.
 E = Time spent auto-exploring this place.
 F = Levels seen in this place.
 G = Mean time per level.
                   A        B        C        D        E       F      G
               +--------+--------+--------+--------+--------+-----+--------+
         Total |   3883 |   3683 |    200 |    174 |   2834 |   6 |  647.2 |
       Dungeon |   3883 |   3683 |    200 |    174 |   2834 |   6 |  647.2 |
               +--------+--------+--------+--------+--------+-----+--------+

Top non-repeatable levels by time:
     D:4: 1147 daAuts
     D:2: 1018 daAuts
     D:1: 912 daAuts
     D:3: 520 daAuts
     D:6: 153 daAuts
     D:5: 132 daAuts

Table legend:
 A = Non-vault XP
 B = Vault XP
 C = Vault XP percentage of total XP
 D = Non-vault monster count
 E = Vault monster count
 F = Vault count percentage of total count
                 A         B        C        D         E       F
            +---------+---------+-------+---------+---------+-------
      Total |    1138 |     125 |   9.9 |      93 |       9 |   8.8
            +---------+---------+-------+---------+---------+-------
        D:1 |      57 |       0 |   0.0 |      32 |       0 |   0.0
        D:2 |      65 |       0 |   0.0 |      16 |       0 |   0.0
        D:3 |      53 |       0 |   0.0 |      16 |       0 |   0.0
        D:4 |     447 |      55 |  11.0 |      16 |       6 |  27.3
        D:5 |     316 |       0 |   0.0 |      10 |       0 |   0.0
        D:6 |     200 |      70 |  25.9 |       3 |       3 |  50.0
            +---------+---------+-------+---------+---------+-------
